 Dungeon Sprint DCSS version 0.27.1-35-g4d5d836560 (webtiles) character file.

Game seed: 8215740384802005869

25 NoSkeletonsAllowed the Chopper (level 2, -9/30 HPs)
             Began as a Deep Dwarf Berserker on Mar 6, 2022.
             Was a Follower of Trog.
             Mangled by an ogre (28 damage)
             ... in the Dungeon (Sprint I: "Red Sonja").
             The game lasted 00:00:40 (50 turns).

NoSkeletonsAllowed the Chopper (Deep Dwarf Berserker) Turns: 50, Time: 00:00:40

Health: -9/30      AC:  3    Str: 20    XL:     2   Next: 82%
Magic:  2/2        EV: 12    Int:  7    God:    Trog [*.....]
Gold:   0          SH:  0    Dex: 12    Spells: 1/1 levels left

rFire    . . .     SeeInvis .   a - +0 hand axe
rCold    . . .     Faith    .   (no shield)
rNeg     . . .     Spirit   .   i - +0 leather armour
rPois    .         Reflect  .   (no helmet)
rElec    .         Harm     .   (no cloak)
rCorr    .         Rampage  .   (no gloves)
Will     .....     NoTele   +   (no boots)
Stlth    +.........             (no amulet)
HPRegen  0.00/turn              (no ring)
MPRegen  0.08/turn              (no ring)

@: no status effects
A: damage resistance, heal wounds, sense surroundings 1, no regeneration
a: Heal Wounds, Renounce Religion, Berserk


You were in the Dungeon.
You worshipped Trog.
Trog was aware of your devotion.
You visited 1 branch

Inventory:

Hand Weapons
 a - a +0 hand axe (weapon)
Armour
 b - a +0 animal skin
 i - a +0 leather armour (worn)
Scrolls
 h - a scroll of blinking
Potions
 c - a potion of curing
 d - a potion of heal wounds
 e - a potion of haste
 f - 2 potions of magic
 g - a potion of berserk rage


   Skills:
 + Level 4.2 Fighting
 + Level 5.0 Axes
 + Level 2.8 Armour
 + Level 3.2 Dodging


You had one spell level left.
You didn't know any spells.
Your spell library was empty.

Dungeon Overview and Level Annotations

Branches:
Dungeon (1/1)

Altars:


Innate Abilities, Weirdness & Mutations

You are resistant to damage.
You can heal yourself by infusing magical energy.
You passively map a small area around you.
You do not regenerate.


Message History

You completely miss Ijyb.
Ijyb is almost dead.
Ijyb hits you but does no damage.
You barely miss Ijyb.
Ijyb is almost dead.
Ijyb hits you but does no damage. x2
You barely miss Ijyb.
Ijyb is almost dead.
Ijyb hits you with a +0 dagger.
You hit Ijyb.
You kill Ijyb!
Trog accepts your kill.
Your Fighting skill gained 2 levels and is now at level 4!
Your Axes skill gained 2 levels and is now at level 5!
Your Dodging skill increases to level 3!
You have reached level 2!
Things that are here:
a +0 dagger; a +0 leather armour
Things that are here:
a +0 dagger; a +0 leather armour
Okay, then.
i - a +0 leather armour You start removing your armour.
You continue taking off your +0 animal skin. x4
You finish taking off your +0 animal skin.
You start putting on your armour.
You continue putting on your +0 leather armour. x5
You finish putting on your +0 leather armour.
You open the door.
An ogre comes into view. It is wielding a +0 giant club.
The ogre shouts!
There is an open door here.
You barely miss the ogre. The ogre completely misses you.
You hit the ogre.
The ogre is lightly wounded.
You completely miss the ogre.
The ogre is lightly wounded.
The ogre hits you with a +0 giant club!!
Ouch! That really hurt!
You die...

##########
#<.#..@O.#,,
, #..').#..+
#..#####+#*
#..# , , *
#..# _ *
#..# __*
#⌠⌠# , ,+,
#### _ + * +


You could see an ogre.

Vanquished Creatures
  Ijyb (D)
1 creature vanquished.

Notes
Turn   | Place    | Note
-------+----------+-------------------------------------------
     0 | D        | NoSkeletonsAllowed the Deep Dwarf Berserker began the quest
                  | for the Orb.
     0 | D        | Reached XP level 1. HP: 20/20 MP: 1/1
     2 | D        | Noticed Ijyb
    21 | D        | HP: 1/20 [Ijyb (4)]
    30 | D        | Killed Ijyb
    31 | D        | Reached skill level 5 in Axes
    31 | D        | Reached XP level 2. HP: 19/30 MP: 2/2
    46 | D        | Noticed an ogre
    50 | D        | Mangled by an ogre

Illustrated notes

Levels and vault maps discovered:
D:        dungeon_sprint_1 [red_sonja_temple_1, red_sonja_temple_small_1]

Skill      XL: |  1 |
---------------+----+-----
Fighting       | 4 |  4.2
Axes           | 5 |  5.0
Dodging        | 3 |  3.2
Armour         | |  2.8

Action                   || total
-------------------------++-------
Melee: Hand axe          ||    29
 Abil: Heal Wounds       ||     1
Armor: Animal skin       ||     4
Dodge: Dodged            ||    12
